 Dungeon Crawl Stone Soup version 0.30.0-5-g1a98f26d00 (webtiles) character file.

Game seed: 12993601728998941075

2377 KittyFluff the Basher (level 9, 0/55 HPs)
             Began as a Gargoyle Berserker on May 8, 2023.
             Was an Elder of Trog.
             Slain by a slime creature (15 damage)
             ... on level 8 of the Dungeon.
             The game lasted 00:33:37 (6340 turns).

KittyFluff the Basher (Gargoyle Berserker)          Turns: 6340, Time: 00:33:38

Health: 0/55       AC: 18    Str: 22    XL:     9   Next: 45%
Magic:  9/9        EV: 13    Int:  9    God:    Trog [****..]
Gold:   185        SH:  5    Dex: 13    Spells: 8/8 levels left

rFire   . . .        q - +3 flail
rCold   . . .        (no shield)
rNeg    + + .        r - +0 leather armour {Will+}
rPois   ∞            u - +0 helmet
rElec   +            d - +0 cloak
rCorr   .            B - +2 pair of gloves of the Equinox {rN+ Int+2}
SInv    .            c - +1 pair of boots
Will    +....        m - amulet of reflection
Stlth   ++           (no ring)
HPRegen 0.29/turn    (no ring)
MPRegen 0.11/turn

%: reflection
@: no status effects
A: sickness immunity, AC +6, negative energy resistance 1, electricity
resistance, torment resistance 1, petrification resistance
a: Renounce Religion, Berserk, Trog's Hand, Brothers in Arms


You were on level 8 of the Dungeon.
You worshipped Trog.
Trog was greatly pleased with you.
You visited 1 branch of the dungeon, and saw 8 of its levels.

You collected 535 gold pieces.
You spent 350 gold pieces at shops.

Inventory:

Hand Weapons
 q - a +3 flail (weapon)
 D - a +0 antimagic flail
Missiles
 g - 14 poisoned darts (quivered)
 v - 9 curare-tipped darts
 G - 12 boomerangs
 H - 2 javelins
Armour
 c - a +1 pair of boots (worn)
 d - a +0 cloak (worn)
 k - the +2 chain mail "Asuyr" {Fly Int+2 Slay+5}
   (You found it on level 2 of the Dungeon)

   Int:       It affects your intelligence (+2).
   Slay:      It affects your accuracy & damage with ranged weapons and melee
   (+5).
   Fly:       It grants you flight.
 r - a +0 leather armour of willpower (worn)
 u - a +0 helmet (worn)
 B - the +2 pair of gloves of the Equinox (worn) {rN+ Int+2}
   (You bought it in a shop on level 2 of the Dungeon)

   Int:       It affects your intelligence (+2).
   rN:        It protects you from negative energy.
 K - a +0 troll leather armour
Jewellery
 i - a ring of ice
 m - an amulet of reflection (around neck)
 N - an amulet of the acrobat
Wands
 e - a wand of quicksilver (13)
 p - a wand of iceblast (4)
 A - a wand of flame (38)
 M - a wand of digging (6)
Scrolls
 f - 3 scrolls of teleportation {unknown}
 n - a scroll of poison
 s - a scroll of silence
 x - 3 scrolls of enchant armour
 y - a scroll of fear
 E - a scroll of fog
 J - 2 scrolls of immolation
Potions
 a - 3 potions of curing
 b - 4 potions of might
 h - 3 potions of heal wounds
 j - 3 potions of invisibility {unknown}
 l - 2 potions of flight
 o - a potion of berserk rage {unknown}
 t - 3 potions of lignification
 w - a potion of experience {unknown}
 z - a potion of magic {unknown}
 F - a potion of brilliance {unknown}
 I - 2 potions of haste {unknown}
 L - a potion of ambrosia {unknown}


   Skills:
 + Level 6.1 Fighting
 + Level 8.2 Maces & Flails
 + Level 0.4 Throwing
 * Level 6.2 Armour
 + Level 4.2 Dodging
 + Level 1.5 Stealth
 + Level 4.2 Shields


You had 8 spell levels left.
You didn't know any spells.
Your spell library was empty.

Dungeon Overview and Level Annotations

Branches:
Dungeon (8/15)             Temple (0/1) D:4
   Lair: D:8-11

Altars:
Ashenzari
Elyvilon
Kikubaaqudgha
Okawaru
Xom

Shops:
D:2 [   D:7 !


Innate Abilities, Weirdness & Mutations

You are immune to sickness and miasma.
Your stone body is resilient. (AC +6)
You are immune to poison.
You resist negative energy. (rN+)
You are resistant to electric shocks. (rElec)
You are resistant to unholy torment.
You are immune to petrification.


Message History

The slime creature is almost dead.
The slime creature hits you but does no damage.
You sock the slime creature!
You kill the slime creature!
Trog accepts your kill.
J - 2 scrolls of immolation (gained 1)
A slime creature comes into view.
A slime creature comes into view.
The slime creature quivers.
The slime creature quivers.
The slime creature misses you.
You sock the slime creature!
The slime creature is moderately wounded.
The slime creature hits you.
You barely miss the slime creature.
The slime creature is moderately wounded.
The slime creature hits you!
You completely miss the slime creature.
The slime creature is moderately wounded.
The slime creature completely misses you.
You block the slime creature's attack.
You sock the slime creature!
The slime creature is heavily wounded.
The slime creature hits you! You block the slime creature's attack.
You thump the slime creature!
The slime creature is severely wounded.
The slime creature completely misses you.
The slime creature barely misses you.
You sock the slime creature!
The slime creature is almost dead.
The slime creature hits you but does no damage.
The slime creature barely misses you.
You sock the slime creature!
The slime creature is almost dead.
The slime creature closely misses you. The slime creature hits you.
* * * LOW HITPOINT WARNING * * *
You hit the slime creature.
The slime creature is almost dead.
The slime creature hits you!
You die...

#...........# ..###
#...........# .....
#...........# ......
#...........# ......
#...........#
......###+##...........#
#................##+##
#...J............#
#...J@...........#
#..$.............#
#................#
........<...####.....
...........># .....
............# ...
............# .
............#


You could see 2 slime creatures.

Vanquished Creatures
  The ghost of NinjaNoafa the Cleaver, an amateur HOFi (D:4)
  A troll (D:6)
  A slime creature (D:8)
  A water moccasin (D:7)
  2 ice beasts
  A sky beast (D:7)
  An ogre (D:4)
  A phantom (D:7)
  A kobold brigand (D:5)
  2 scorpions
  3 killer bees (D:7)
  4 hounds
  A jelly (D:5)
  An orc priest (D:7)
  2 gnoll boudas
  5 iguanas
  A sleepcap (D:6)
  4 orc wizards
  17 gnolls
  16 adders
  A shadow imp (D:7)
  A white imp (D:5)
  An ufetubus (D:5)
  4 worms
  A dart slug (D:1)
  24 orcs
  5 bats
  4 endoplasms
  4 giant cockroaches
  4 goblins
  5 hobgoblins
  4 jackals (D:4)
  5 quokkas
  3 ball pythons
  4 frilled lizards
  15 kobolds
  4 rats
155 creatures vanquished.

Notes
Turn   | Place    | Note
-------+----------+-------------------------------------------
     0 | D:1      | KittyFluff the Gargoyle Berserker began the quest for the
                  | Orb.
     0 | D:1      | Reached XP level 1. HP: 14/14 MP: 1/1
   132 | D:1      | Reached XP level 2. HP: 6/19 MP: 2/2
   337 | D:1      | Reached XP level 3. HP: 24/24 MP: 3/3
   851 | D:2      | Reached skill level 4 in Maces & Flails
   854 | D:2      | Reached ** piety under Trog
   855 | D:2      | Reached XP level 4. HP: 23/29 MP: 4/4
   871 | D:2      | Found Laleoca Sis's Weapon Boutique.
  1079 | D:2      | Identified the +2 chain mail "Asuyr" {Fly Int+2 Slay+5}
  1151 | D:2      | Found Pomif's Antique Armour Shoppe.
  1341 | D:3      | Reached XP level 5. HP: 33/33 MP: 5/5
  1968 | D:4      | Found a shimmering altar of Xom.
  1999 | D:4      | Noticed an ogre
  2013 | D:4      | Killed an ogre
  2014 | D:4      | Reached skill level 5 in Maces & Flails
  2014 | D:4      | Reached XP level 6. HP: 30/39 MP: 6/6
  2200 | D:2      | Bought a pair of transparent gloves for 218 gold pieces
  2200 | D:2      | Identified the +2 pair of gloves of the Equinox {rN+ Int+2}
                  | (You bought it in a shop on level 2 of the Dungeon)
  2328 | D:4      | Found an ancient bone altar of Kikubaaqudgha.
  2333 | D:4      | Found an iron altar of Okawaru.
  2697 | D:4      | Reached *** piety under Trog
  2849 | D:4      | Found a staircase to the Ecumenical Temple.
  3058 | D:5      | Entered Level 5 of the Dungeon
  3106 | D:5      | Reached skill level 1 in Shields
  3174 | D:5      | Reached XP level 7. HP: 25/44 MP: 7/7
  3521 | D:5      | Reached skill level 6 in Maces & Flails
  3752 | D:5      | Found a runed translucent gate.
  3753 | D:5      | Found a runed translucent gate.
  3754 | D:5      | Found a runed translucent gate.
  3754 | D:5      | Noticed NinjaNoafa's ghost (amateur HOFi)
  4018 | D:4      | Killed NinjaNoafa's ghost
  4019 | D:4      | Reached skill level 5 in Fighting
  4019 | D:4      | Reached skill level 1 in Stealth
  4019 | D:4      | Reached XP level 8. HP: 26/49 MP: 8/8
  4165 | D:6      | Noticed a troll
  4173 | D:6      | Killed a troll
  4174 | D:6      | Reached skill level 7 in Maces & Flails
  4174 | D:6      | Reached skill level 5 in Armour
  5085 | D:6      | Reached **** piety under Trog
  5297 | D:7      | Reached XP level 9. HP: 38/55 MP: 9/9
  5899 | D:7      | Found Haguosyss's Distillery.
  5925 | D:7      | Bought a potion of lignification for 33 gold pieces
  5925 | D:7      | Bought a potion of flight for 33 gold pieces
  5925 | D:7      | Bought a potion of degeneration for 11 gold pieces
  5957 | D:7      | Bought a potion of heal wounds for 55 gold pieces
  5986 | D:7      | Reached skill level 8 in Maces & Flails
  6094 | D:7      | Found a white marble altar of Elyvilon.
  6099 | D:7      | Found a broken altar of Ashenzari.
  6340 | D:8      | Slain by a slime creature

Illustrated notes

Levels and vault maps discovered:
D:1:      wander_arrival_chamber, layout_basic, dk_noncrumbling_4,
          hangedman_abyss_or_decor_lesser_grid, serial_bayou_pond_b,
          roderic_roman_lattice
D:2:      layout_rooms, serial_shops, nicolae_shop_trees, shop
D:3:      layout_basic, amcnicky_mini_corridor_feature,
          hangedman_decor_clover_reticule, minivault_23
D:4:      layout_basic, xom_teletrap_fun, minitemple,
          minmay_temple_entry_water_ring, minmay_crystal_water,
          serial_park_tiny_1, serial_park_tiny_1
D:5:      layout_cave_pools, gammafunk_ghost_nasty_kobolds, serial_bayou,
          serial_bayou_pond_d, serial_bayou_lagoon_b, serial_bayou_crossing,
          serial_bayou_shore_a
D:6:      layout_layer_cave, corexii_checkpoint_b
D:7:      layout_gridville, amethyst_overflow_temple_binary, serial_shops,
          nicolae_shop_industrial_runoff, kennysheep_generic_room_14
D:8:      layout_gridville, gammafunk_temple_overflow_pools,
          due_lair_maze_entry_diamond, enter_bailey_2, ebering_ghost_gozag,
          minmay_manual_moon

Skill      XL: |  1  2  3  4  5  6  7  8  9 |
---------------+----------------------------+-----
Maces & Flails | 4 5 6 7 8 |  8.2
Fighting       | 4 5 6 |  6.1
Dodging        | 2 3 4 |  4.2
Armour         | 3 4 5 6 |  6.2
Shields        | 1 2 3 4 |  4.2
Stealth        | 1 |  1.5
Throwing       | |  0.4

Action                     |  1- 3 |  4- 6 |  7- 9 || total
---------------------------+-------+-------+-------++-------
  Melee: Mace              |    92 |    62 |       ||   154
         Punch             |       |     2 |     4 ||     6
         Flail             |       |    97 |   315 ||   412
  Throw: Dart              |       |     2 |     1 ||     3
 Invoke: Berserk           |     1 |       |     1 ||     2
    Use: Scroll            |       |       |    10 ||    10
 Armour: Animal skin       |     8 |       |       ||     8
         Leather armour    |    37 |    45 |   223 ||   305
         Skin              |     2 |       |       ||     2
         Chain mail        |       |    21 |       ||    21
  Dodge: Dodged            |    53 |    78 |   270 ||   401
  Block: Other             |       |    29 |   109 ||   138
         Reflection        |       |       |     2 ||     2
